 Dungeon Crawl Stone Soup version 0.17-a0-1793-gcbb3aa1 (webtiles) character file.

1743195 TZer0 the Slayer (level 27, 87/161 HPs)
             Began as a Vine Stalker Berserker on Mar 9, 2015.
             Was the Champion of Trog.
             Escaped with the Orb
             ... and 3 runes on Sept 10, 2015!
             The game lasted 03:56:23 (64827 turns).

TZer0 the Slayer (Vine Stalker Berserker)          Turns: 64827, Time: 03:56:23

Health: 87/161     AC: 38    Str: 24    XL:     27
Magic:  43/55      EV: 17    Int:  7    God:    Trog [******]
Gold:   1926       SH: 10    Dex: 23    Spells: 0 memorised, 26 levels left

rFire  + + .     SeeInvis .     U - +8 rapier (vamp) {!w}
rCold  + . .     Clarity  .     T - +3 gold dragon armour
rNeg   . . .     SustAt   .     z - +1 buckler {AC+3}
rPois  +         Gourm    .     E - +2 helmet
rElec  +         Spirit   +     Y - +2 cloak {MR+}
rCorr  .         Warding  .     k - +0 pair of gloves of the Trilobite {+Inv rElec MP+9 Stlth-}
rMut   +         Stasis   .     s - +0 pair of boots
MR     ++++.                    f - amulet of resist mutation
Stlth  ..........               H - ring of magical power
                                P - ring of protection from fire

@: incredibly resistant to hostile enchantments, extremely unstealthy
A: fangs 2, regeneration 1, shaggy fur 1, magic shield, antimagic bite, no
device heal 3, rot immunity
a: Burn Spellbooks, Berserk, Trog's Hand, Brothers in Arms, Renounce Religion,
Evoke Invisibility
0: Orb of Zot
}: 3/15 runes: decaying, serpentine, silver


You escaped.
You worshipped Trog.
Trog was exalted by your worship.
You were not hungry.

You visited 9 branches of the dungeon, and saw 53 of its levels.
You visited 1 bazaar.
You also visited: Trove, Sewer and Ice Cave.

You collected 6816 gold pieces.
You spent 4890 gold pieces at shops.


Innate Abilities, Weirdness & Mutations

You have extremely sharp teeth.
Your natural rate of healing is unusually fast.
You are covered in fur (AC +1).
When hurt, damage is shared between your health and your magic reserves.
Your bite disrupts and absorbs the magic of your enemies.
Potions and wands cannot restore your health.
You are immune to rotting.


   Skills:
 * Level 21.8 Fighting
 + Level 19.1 Short Blades
 + Level 16.2 Armour
 + Level 16.5 Dodging
 + Level 14.6 Shields
 + Level 18.7 Evocations


You had 26 spell levels left.
You didn't know any spells.

Dungeon Overview and Level Annotations

Branches:
Dungeon (15/15)            Temple (0/1) D:5            Lair (8/8) D:8
  Swamp (5/5) Lair:4        Snake (5/5) Lair:5        Slime (0/6) Lair:6
    Orc (4/4) D:10            Elf (0/3) Orc:4        Vaults (5/5) D:13
  Crypt (0/3) Vaults:2     Depths (5/5) D:15           Hell (1/1)
    Dis (0/7) Hell            Geh (0/7) Hell            Coc (0/7) Hell
    Tar (0/7) Hell            Zot (5/5) Depths:5

Altars:
Ashenzari
Cheibriados
Dithmenos
Elyvilon
Fedhas
Gozag
Kikubaaqudgha
Makhleb
Nemelex Xobeh
Qazlal
Ru
Sif Muna
Trog
Vehumet
Xom
Zin
The Shining One
Beogh
Jiyva

Shops:
D:7 [   D:8 *   D:14 :   D:15 =   Orc:4 }=*([   Snake:5 (%::   Vaults:1 =
Vaults:3 ?   Depths:5 [[}(

Portals:
Hell: Depths:1 Depths:2 Depths:3 Depths:4 Depths:5
Abyss: Depths:1 Depths:4
Pandemonium: Depths:2 Depths:3 Depths:4 Depths:5
Ziggurat: Depths:1

Annotations:
Lair:8 1 exclusion

Inventory:

Hand weapons
 O - a +10 quick blade of piercing
   (Trog gifted it to you in an ice cave)
 U - a +8 vampiric rapier (weapon) {!w}
   (Trog gifted it to you on level 9 of the Dungeon)
Missiles
 L - 2 javelins of returning (quivered)
Armour
 k - the +0 pair of gloves of the Trilobite (worn) {+Inv rElec MP+9 Stlth-}
   (You found it on level 6 of the Lair of Beasts)

   It insulates you from electricity.
   It affects your magic capacity (+9).
   It lets you turn invisible.
   It makes you less stealthy.
 s - a +0 pair of boots (worn)
   (You found it on level 3 of the Dungeon)
 x - a +1 helmet
   (You found it on level 3 of the Realm of Zot)
 z - a +1 buckler of protection (worn)
   (You found it on level 8 of the Lair of Beasts)
 E - a +2 helmet (worn)
   (You found it on level 4 of the Lair of Beasts)
 T - a +3 gold dragon armour (worn)
   (You found it on level 1 of the Realm of Zot)
 Y - a +2 cloak of magic resistance (worn)
   (You took it off a draconian scorcher on level 1 of the Realm of Zot)
Jewellery
 a - the ring of Starshine {+Fly MP+9 Str+4 Int-3 Dex-4 Stlth-}
   (You bought it in a shop on level 4 of the Orcish Mines)

   [ring of loudness]

   It affects your strength (+4).
   It affects your intelligence (-3).
   It affects your dexterity (-4).
   It affects your magic capacity (+9).
   It lets you fly.
   It makes you less stealthy.
 f - an amulet of resist mutation (around neck)
   (You bought it in a shop on level 15 of the Dungeon)
 h - a +6 ring of strength
   (You found it on level 5 of the Dungeon)
 y - the brooch of Shielding {Ward rN+ AC+4 EV+4}
   (You bought it in a shop on level 4 of the Orcish Mines)

   [amulet of warding]

   It may prevent the melee attacks of summoned creatures.
   It affects your AC (+4).
   It affects your evasion (+4).
   It protects you from negative energy.
 F - the amulet of Yliapp {Clar rElec rPois MR+ Int-3}
   (You bought it in a shop on level 4 of the Orcish Mines)

   [amulet of clarity]

   It provides mental clarity.
   It affects your intelligence (-3).
   It insulates you from electricity.
   It protects you from poison.
   It affects your resistance to hostile enchantments.
 G - an uncursed ring of protection from cold
   (You took it off a yaktaur on level 1 of the Vaults)
 H - a ring of magical power (right hand)
   (You found it on level 5 of the Dungeon)
 P - a ring of protection from fire (left hand)
   (You took it off a deep elf annihilator on level 5 of the Vaults)
Magical devices
 b - a wand of teleportation (0)
   (You took it off Margery on level 5 of the Vaults)
 m - a wand of hasting (3)
   (You took it off Azrael on level 4 of the Snake Pit)
 t - a wand of digging (15)
   (You found it on level 1 of the Depths)
 D - a wand of teleportation (3)
   (You found it on level 4 of the Vaults)
 R - a wand of fire (6)
   (You found it on level 6 of the Lair of Beasts)
 V - a wand of cold (8)
   (You found it on level 5 of the Lair of Beasts)
Scrolls
 d - 3 scrolls of silence
 e - 6 scrolls of immolation {!r}
 g - 23 scrolls of remove curse
 n - 8 scrolls of fear
 u - 2 scrolls of teleportation
 w - 5 scrolls of summoning
 A - 5 scrolls of fog
 K - a scroll of magic mapping
 N - 16 scrolls of recharging
 Q - a scroll of blinking
Potions
 j - 3 potions of haste
 l - 12 potions of lignification {!q}
 o - 8 potions of might
 p - 6 potions of agility
 q - a potion of invisibility
 r - a potion of resistance
 v - 8 potions of restore abilities
 I - 14 potions of curing
 Z - 6 potions of magic
Miscellaneous
 B - 2 phantom mirrors
 C - a fan of gales
   (You found it on level 3 of the Depths)
 J - a fan of gales
   (You bought it in a shop on level 5 of the Depths)
 M - a stone of tremors
   (You found it on level 13 of the Dungeon)
 W - the horn of Geryon
   (You took it off Geryon in the Vestibule of Hell)
 X - a fan of gales
   (You found it on level 3 of the Vaults)
Comestibles
 c - 7 bread rations {!e}
 i - a royal jelly

......(......# #...#.....#.#
.##.###.....## ###.###.###.#
.##.# ##...### #...#.....#.#
.##.# #.....###.#######.#.# ###.#
#.....#....2# #...# #.#
##.####.###.# ###.# ###.# ##'##
#.#...# #.# ....#
##...###.#.##### ##.#
#######.....##.#@#...# #..# # ##
##.......#.###.#.#####.# ##
.####........#.....#...#...#####.
....'........###.###.#.#.###.....
.####............#...#...# #####.
.# ##.......#####.####### ## .#
##.....## #.#### # )# ##...##
#.##.# .# ##'## #....#


You could see a hellion.


Message History

You bite the Brimstone Fiend, but do no damage.
The Brimstone Fiend is moderately wounded.
You block the Brimstone Fiend's attack. The Brimstone Fiend barely misses you.
The Brimstone Fiend closely misses you.
You puncture the Brimstone Fiend! You bite the Brimstone Fiend.
The Brimstone Fiend's magic leaks into the air.
You drain its magic.
You feel invigorated.
The Brimstone Fiend is heavily wounded.
You puncture the Brimstone Fiend!
You bite the Brimstone Fiend, but do no damage.
The Brimstone Fiend is heavily wounded.
You completely miss the Brimstone Fiend.
You bite the Brimstone Fiend.
The Brimstone Fiend's magic leaks into the air.
You drain its magic.
You feel invigorated.
The Brimstone Fiend is heavily wounded.
The Brimstone Fiend hits you!
* * * LOW HITPOINT WARNING * * *
You block the Brimstone Fiend's attack. The Brimstone Fiend hits you!
* * * LOW HITPOINT WARNING * * *
Damage: -4%(-10hp) hp: 37%(87hp)
You hit the Brimstone Fiend.
You bite the Brimstone Fiend, but do no damage.
The Brimstone Fiend is severely wounded.
You hit the Brimstone Fiend.
The Brimstone Fiend is severely wounded.
You puncture the Brimstone Fiend! You bite the Brimstone Fiend!
The Brimstone Fiend's magic leaks into the air.
You drain its magic.
You feel invigorated.
The Brimstone Fiend is almost dead.
The Brimstone Fiend falters for a moment.
You puncture the Brimstone Fiend!
You kill the Brimstone Fiend!
Trog accepts your kill.
You are too injured to fight recklessly!
You are too injured to fight recklessly!
You are too injured to fight recklessly!
You feel a strong urge to attack something.
The chaos spawn gores you but does no damage.
You puncture the chaos spawn!
The chaos spawn is heavily wounded.
You hit the chaos spawn.
The chaos spawn is severely wounded.
The hobgoblin misses you.
You impale the chaos spawn!!
You kill the chaos spawn!
Trog accepts your kill.
The chaos spawn degenerates into a cloud of primal chaos!
You impale the hobgoblin!!
You feel better.
You kill the hobgoblin!
Trog accepts your kill.
You see here a hobgoblin corpse.
You feel a strong urge to attack something.
You are no longer berserk.
You are exhausted.
You feel yourself slow down.
Huge Dmg: -20%(-31hp) hp: 40%(64hp) Unknown command.
A smoke demon comes into view.
A giant newt comes into view.
There is a stone staircase leading up here.
You climb upwards.
There is a stone staircase leading down here.
You feel yourself speed up.
You feel less exhausted.
A hellion comes into view.
There is a staircase leading out of the dungeon here.
The hellion gestures at you.
The hellfire explodes!
The burst of hellfire engulfs you!
You have escaped!

Action                   |  1- 3 |  4- 6 |  7- 9 | 10-12 | 13-15 | 16-18 | 19-21 | 22-24 | 25-27 || total
-------------------------+-------+-------+-------+-------+-------+-------+-------+-------+-------++-------
Melee: Short sword       |    50 |       |   332 |  1038 |   361 |       |       |       |       ||  1781
       Dagger            |    19 |   210 |     8 |       |       |       |       |       |       ||   237
       Rapier            |       |       |     4 |    11 |  1634 |  2551 |  3246 |  3144 |  2644 || 13234
       Quick blade       |       |       |       |       |       |       |       |   319 |       ||   319
Invok: Berserk           |     1 |     3 |     1 |     3 |    11 |    21 |    11 |    22 |    26 ||    99
       Trog's Hand       |       |       |       |     1 |     3 |     9 |     6 |     3 |     6 ||    28
       Burn Spellbooks   |       |       |       |     2 |     3 |     1 |     5 |     5 |     7 ||    23
       Brothers in Arms  |       |       |       |       |     1 |     2 |     2 |       |     3 ||     8
 Abil: Evoke Invisibilit |       |       |       |       |       |     1 |       |       |       ||     1
Evoke: Wand              |       |       |       |       |    10 |     3 |     3 |     1 |     4 ||    21
       Fan of gales      |       |       |       |       |       |       |       |     1 |     2 ||     3
  Use: Potion            |     1 |       |       |       |       |     1 |     2 |     8 |     7 ||    19
       Scroll            |       |     2 |     6 |    13 |    20 |    18 |    14 |    10 |    28 ||   111
 Stab: Sleeping          |     1 |       |       |       |       |       |       |       |       ||     1
       Petrifying        |       |       |       |       |     1 |       |       |       |       ||     1
       Fleeing           |       |       |       |       |     2 |       |       |       |       ||     2
       Paralysed         |       |       |       |       |     1 |       |       |       |       ||     1
       Invisible         |       |       |       |       |       |     7 |       |       |       ||     7
       Confused          |       |       |       |       |       |     1 |       |       |       ||     1
       Distracted        |       |       |       |       |       |       |       |     2 |       ||     2
  Eat: Chunk             |     1 |     7 |    13 |    12 |    37 |    13 |    14 |    23 |    11 ||   131
       Pizza             |       |       |       |     1 |       |     1 |       |     1 |     1 ||     4
       Beef jerky        |       |       |       |     2 |     1 |     4 |     1 |     1 |     1 ||    10
       Meat ration       |       |       |       |     2 |     4 |     3 |     5 |     3 |     3 ||    20
       Fruit             |       |       |       |     2 |     2 |    10 |     3 |     5 |    22 ||    44
       Bread ration      |       |       |       |       |       |     6 |     1 |     6 |    12 ||    25
       Royal jelly       |       |       |       |       |       |       |       |       |     7 ||     7

Vault maps used:
D:1:      elethiomel_arrival_maze, st_stairs_13
D:2:      led_sif_pool, st_stairs_1, grunt_decor_cap, uniq_terence, uniq_jessica
D:3:      nicolae_qazlal_eye_of_the_storm, first_bread, uniq_natasha
D:4:      lemuel_round_altar, xom_teletrap_fun, uniq_crazy_yiuf_cottage,
          uniq_blork_the_orc, uniq_iyjb, uniq_pikel, uniq_robin
D:5:      lemuel_doored_altar, tgw_trog, kennysheep_mini, temple_pool_b,
          basic_altar
D:6:      overflow_temple_1_default, lightli_sewer_entry_pipes
D:7:      serial_shops, shop, the_bakery, serial_park_tiny_pond
D:8:      vehumet_statue, nicolae_dithmenos_shadow_blocks,
          grunt_lair_entry_elf_guard_hut, serial_shops, nicolae_shop_waterfront,
          nemelex_diamond_rough_becter, uniq_joseph
D:9:      nemelex_xobeh_ov_fountains_minmay, makhleb_altar_promises_db,
          kennysheep_mini_moat, overflow_temple_1_default, lair_0_dummy,
          uniq_eustachio
D:10:     hiddenorc1_lemuel, spider_trap
D:13:     minmay_tri_stars, david_vaults_5, basic_altar,
          portal_ice_cave_entry_ice_beasts, uniq_urug, uniq_sonja, uniq_nergalle
D:14:     serial_shops, nicolae_shop_window_shopping
D:15:     hangedman_depths_entry_try_elsewhere_first, serial_shops,
          nicolae_shop_trees, minmay_misc_feat_pillars
Lair:3:   grunt_megastairs_4, lemuel_fruit_fields
Lair:4:   swamp_mist_pool, basic_altar, st_stairs_12, serial_bayou_pond_a,
          infiniplex_staircase_pool
Lair:5:   minmay_snake_entry_spellcaster, lemuel_fruit_fields
Lair:6:   dummy_snake_entry, slime_altar_2, grunt_forest_large_clearing_hut
Lair:7:   roderic_lost_polar_bear
Lair:8:   grunt_lair_end_beastmaster, tgw_fedhas
Swamp:1:  evilmike_swamp_ruin_house_5, uniq_aizul, uniq_frances
Swamp:2:  nicolae_swamp_fairy_circle, uniq_nikola
Swamp:3:  evilmike_swamp_ruin_house_1, swamp_pool1, st_swamp_ruins_2
Swamp:4:  hangedman_swamp_blocks, swamp_pool3, nicolae_swamp_snake_nest
Swamp:5:  swamp_alternative, swamp_pool5, nicolae_swamp_round_clearing,
          infiniplex_staircase_pool_2
Snake:1:  grunt_megastairs_3
Snake:2:  nicolae_snake_lava_pool, uniq_kirke, uniq_wiglaf, uniq_norris
Snake:4:  basic_stair_grate_trap, lemuel_fruit_tree, serial_bayou_shore_b,
          uniq_azrael, uniq_vashnia
Snake:5:  minmay_snake_end_coiled, serial_shops, nicolae_shop_stone,
          nicolae_shop_statue_plus, shop, shop, st_stairs_6
Orc:2:    nicolae_orc_bridge_out
Orc:3:    nicolae_orc_pool_cavern
Orc:4:    grunt_orc_gardens, grunt_orc_garden, grunt_orc_garden,
          grunt_orc_garden, grunt_orc_garden, nicolae_for_you_no_charge,
          uniq_erica
Vaults:1: st_eye, grunt_vaults_diagonal, grunt_vaults_swirl, v_pattern_4,
          vaults_mumra_chevron_long, nicolae_vaults_sealed_display,
          v_alt_pattern_2, nicolae_vaults_windows_and_doors_thing, serial_shops,
          shop_fountains
Vaults:2: v_rooms_2, nicolae_vaults_rhombus_7, v_rooms_6, v_misc_11,
          hangedman_vaults_locks, v_alt_pattern_3, hangedman_vaults_slice,
          ontoclasm_vaults_gateway, vaults_standard_mumra_x,
          nicolae_vaults_little_squares_4, minmay_crypt_entry_simple_plaza,
          ontoclasm_vaults_pinch, vaults_dpeg_cross, uniq_boris
Vaults:3: ontoclasm_vaults_claustrophobia, hangedman_vaults_slither,
          vaults_dpeg_diagonal, v_misc_14, v_misc_30, vaults_room_corners,
          vaults_dpeg_doors, special_room_vaults, nicolae_trove_entry_crossroad,
          serial_shops, nicolae_shop_crystal
Vaults:4: nicolae_vaults_little_squares_3, ontoclasm_vaults_tryst, v_misc_16,
          v_misc_25, v_misc_5, v_misc_25, nicolae_vaults_ninety_degrees,
          vaults_standard_mumra_enter_the_diamond,
          nicolae_vaults_three_branches, st_smaller_cells,
          ontoclasm_vaults_hangar, vaults_room_pools,
          nicolae_vaults_yaktaur_gun_rack
Vaults:5: uniq_xtahua, uniq_margery
Depths:1: enter_ziggurat_f, serial_sigils_hangedman_scratch, abyss_entry,
          grunt_hell_entry_dis_grunt, tso_metal_star
Depths:2: thingy_vault, grunt_hell_entry_demonic_statue, pan_entry,
          minmay_misc_feat_doors, infiniplex_staircase_river,
          serial_bayou_shore_b
Depths:3: minmay_skeleton_keep, minmay_crystal_room, grunt_pan_entry_in_and_out,
          hell_entry
Depths:4: minmay_ornate_pinched, pf_hell_entry_tar_river, pan_entry,
          abyss_entry_crystal, infiniplex_staircase_pillars_1, uniq_jory
Depths:5: evilmike_zot_entry_gauntlet, hell_entry, serial_shops,
          bzr_entry_customers, shop, nicolae_shop_waterfront, shop_statue, shop,
          kennysheep_doodads, grunt_pan_entry_spiral, minmay_misc_feat_chi,
          uniq_frederick, uniq_saint_roka
Zot:1:    nicolae_zot_stationary_front, basic_loot_grate_trap,
          grunt_ministairs_7, st_stairs_4
Zot:2:    lemuel_elevator, grunt_megastairs_2
Zot:3:    grunt_megastairs_5
Zot:4:    evilmike_ambush
Bazaar:   bazaar_jpeg_cross
Trove:    trove_jewel_1
Sewer:    sewer_kobolds
IceCv:    ice_cave_small_giant

Notes
Turn   | Place    | Note
--------------------------------------------------------------
     0 | D:1      | TZer0, the Vine Stalker Berserker, began the quest for the Orb.
     0 | D:1      | Reached XP level 1. HP: 11/11 MP: 1/1
   153 | D:1      | Reached skill level 3 in Short Blades
   297 | D:1      | Reached XP level 2. HP: 16/16 MP: 3/3
  1038 | D:2      | Reached XP level 3. HP: 18/19 MP: 4/4
  1049 | D:2      | Huge Dmg: 5 dmg
  1090 | D:2      | Noticed Jessica
  1100 | D:2      | Killed Jessica
  1100 | D:2      | Reached skill level 4 in Short Blades
  1133 | D:2      | Acquired Trog's second power
  1194 | D:2      | Reached XP level 4. HP: 23/23 MP: 5/5
  1333 | D:2      | Reached skill level 3 in Fighting
  1367 | D:2      | Noticed Terence
  1373 | D:2      | Huge Dmg: 5 dmg
  1376 | D:2      | Killed Terence
  1383 | D:2      | Huge Dmg: 9 dmg
  1663 | D:2      | Found a deep blue altar of Sif Muna.
  1751 | D:3      | Reached XP level 5. HP: 28/28 MP: 7/7
  2054 | D:3      | Noticed Natasha
  2063 | D:3      | Killed Natasha
  2063 | D:3      | Reached skill level 5 in Short Blades
  2165 | D:3      | Found a stormy altar of Qazlal.
  2258 | D:3      | Noticed Natasha
  2267 | D:3      | Killed Natasha
  2282 | D:3      | Noticed Natasha
  2286 | D:3      | Killed Natasha
  2449 | D:4      | Gained mutation: You heal very quickly. [vine stalker growth]
  2449 | D:4      | Reached XP level 6. HP: 33/33 MP: 8/8
  2472 | D:4      | Noticed Blork the orc
  2479 | D:4      | Reached skill level 4 in Fighting
  2486 | D:4      | Killed Blork the orc
  2486 | D:4      | Reached skill level 1 in Evocations
  2491 | D:4      | Huge Dmg: 16 dmg
  2563 | D:4      | Noticed Ijyb
  2585 | D:4      | Killed Ijyb
  2608 | D:4      | Noticed Robin
  2616 | D:4      | Noticed Monkaria's ghost (average HOGl)
  2627 | D:4      | Killed Robin
  2640 | D:4      | Killed Monkaria's ghost
  2640 | D:4      | Reached skill level 2 in Evocations
  2640 | D:4      | Reached XP level 7. HP: 38/38 MP: 9/11
  2653 | D:4      | Huge Dmg: 15 dmg
  2675 | D:4      | Acquired Trog's third power
  2762 | D:4      | Noticed a slave
  2763 | D:4      | Noticed a slave
  2764 | D:4      | Noticed Pikel
  2765 | D:4      | Noticed a slave
  2765 | D:4      | Noticed a slave
  2779 | D:4      | Huge Dmg: 15 dmg
  2779 | D:4      | Killed Pikel
  2779 | D:4      | Reached skill level 5 in Fighting
  2779 | D:4      | Reached skill level 6 in Short Blades
  2779 | D:4      | Reached skill level 4 in Evocations
  2779 | D:4      | Gained mutation: You have razor-sharp teeth. [vine stalker growth]
  2779 | D:4      | Reached XP level 8. HP: 33/44 MP: 9/16
  2782 | D:4      | Found a shimmering altar of Xom.
  2786 | D:4      | Huge Dmg: 11 dmg
  2918 | D:4      | Noticed Crazy Yiuf
  2923 | D:4      | Killed Crazy Yiuf
  3006 | D:4      | Found an ancient bone altar of Kikubaaqudgha.
  3194 | D:5      | Entered Level 5 of the Dungeon
  3207 | D:5      | Found a shattered altar of Ashenzari.
  3384 | D:5      | Found a glowing silver altar of Zin.
  3415 | D:5      | Found a staircase to the Ecumenical Temple.
  3431 | D:5      | Reached skill level 7 in Short Blades
  3457 | D:5      | Reached skill level 5 in Evocations
  3477 | D:5      | Huge Dmg: 15 dmg
  3771 | D:5      | Found a white marble altar of Elyvilon.
  3791 | D:5      | Reached XP level 9. HP: 44/49 MP: 17/18
  3818 | D:5      | Noticed a moth of wrath
  3820 | D:5      | Found a bloodstained altar of Trog.
  4053 | D:6      | Found a sacrificial altar of Ru.
  4339 | D:6      | Found a glowing drain.
  4346 | Sewer    | Entered a sewer
  4351 | Sewer    | Reached skill level 7 in Fighting
  4447 | Sewer    | Found a glowing silver altar of Zin.
  4595 | D:6      | Reached skill level 6 in Evocations
  4881 | D:6      | Reached skill level 8 in Short Blades
  5584 | D:7      | Found Difaruup's Armour Shop.
  5913 | D:8      | Received a gift from Trog
  5962 | D:8      | Found a staircase to the Lair.
  5970 | D:8      | Reached skill level 7 in Evocations
  5970 | D:8      | Reached XP level 10. HP: 56/56 MP: 18/21
  6004 | D:8      | Reached skill level 8 in Fighting
  6287 | D:8      | Found a radiant altar of Vehumet.
  6345 | D:8      | Noticed Joseph
  6358 | D:8      | Killed Joseph
  6509 | D:8      | Found a shadowy altar of Dithmenos.
  6677 | D:8      | Found a sparkling altar of Nemelex Xobeh.
  6814 | D:8      | Found Chiokama's Assorted Antiques.
  6862 | D:8      | Bought a scroll of identify for 42 gold pieces
  6862 | D:8      | Bought a scroll of identify for 42 gold pieces
  6862 | D:8      | Bought a scroll of identify for 42 gold pieces
  6936 | D:9      | Found a sparkling altar of Nemelex Xobeh.
  7018 | D:9      | Found a snail-covered altar of Cheibriados.
  7058 | D:9      | Reached skill level 9 in Short Blades
  7258 | D:9      | Reached skill level 8 in Evocations
  7287 | D:9      | Received a gift from Trog
  7370 | D:9      | Found a staircase to the Lair.
  7409 | D:9      | Received a gift from Trog
  7479 | D:9      | Found an opulent altar of Gozag.
  7493 | D:9      | Noticed Eustachio
  7505 | D:9      | Killed Eustachio
  7591 | D:9      | Found a burning altar of Makhleb.
  7591 | D:9      | Noticed a green death
  7784 | D:10     | Entered Level 10 of the Dungeon
  7872 | D:10     | Noticed a hill giant
  7883 | D:10     | Killed a hill giant
  7883 | D:10     | Reached skill level 9 in Fighting
  7992 | D:10     | Identified a +1 rod of inaccuracy (9/9) (You found it on level 10 of the Dungeon)
  8012 | D:10     | Noticed a hill giant
  8019 | D:10     | Huge Dmg: 25 dmg
  8022 | D:10     | Huge Dmg: 10 dmg
  8038 | D:10     | Huge Dmg: 20 dmg
  8041 | D:10     | Killed a hill giant
  8041 | D:10     | Reached XP level 11. HP: 32/62 MP: 25/25
  8046 | D:10     | Huge Dmg: 9 dmg
  8061 | D:10     | Found a staircase to the Orcish Mines.
  8132 | D:10     | Noticed an unseen horror
  8145 | D:10     | Killed an unseen horror
  8145 | D:10     | Reached skill level 9 in Evocations
  8201 | D:10     | Noticed a hill giant
  8211 | D:10     | Killed a hill giant
  8211 | D:10     | Reached skill level 10 in Short Blades
  8219 | D:10     | Huge Dmg: 23 dmg
  9324 | D:11     | Received a gift from Trog
  9608 | D:12     | Reached skill level 10 in Fighting
  9625 | D:12     | Huge Dmg: 14 dmg
  9941 | D:12     | Huge Dmg: 13 dmg
  9948 | D:12     | Reached skill level 10 in Evocations
 10165 | D:12     | Reached skill level 2 in Dodging
 10183 | D:12     | Huge Dmg: 31 dmg
 10215 | D:12     | Reached skill level 2 in Armour
 10391 | D:12     | Gained mutation: You regenerate. [vine stalker growth]
 10391 | D:12     | Reached XP level 12. HP: 61/67 MP: 27/27
 10629 | D:12     | Reached skill level 3 in Dodging
 10817 | D:9      | Reached skill level 3 in Armour
 10880 | Lair:1   | Entered Level 1 of the Lair of Beasts
 11512 | Lair:1   | Received a gift from Trog
 12085 | Lair:2   | Reached skill level 11 in Short Blades
 12492 | Lair:2   | Identified a scroll of acquirement
 12495 | Lair:2   | Got a faintly glowing cloak
 12506 | Lair:2   | Identified the +2 cloak "Diunough" {rPois rF+ rC-} (You acquired it on level 2 of the Lair of Beasts)
 13260 | Lair:3   | Reached skill level 4 in Dodging
 13371 | Lair:3   | Reached skill level 4 in Armour
 13447 | Lair:3   | Received a gift from Trog
 13635 | Lair:3   | Reached skill level 11 in Evocations
 14139 | Lair:4   | Found a glowing silver altar of Zin.
 14185 | Lair:4   | Reached skill level 11 in Fighting
 14185 | Lair:4   | Reached XP level 13. HP: 68/74 MP: 28/28
 14476 | Lair:4   | Reached skill level 5 in Dodging
 14491 | Lair:4   | Got a pitted leather armour
 14544 | Lair:4   | Noticed a seven-headed hydra
 14552 | Lair:4   | Killed a seven-headed hydra
 14558 | Lair:4   | Huge Dmg: 31 dmg
 14580 | Lair:4   | Found a staircase to the Swamp.
 14692 | Lair:4   | Received a gift from Trog
 14848 | Lair:4   | Reached skill level 5 in Armour
 14868 | Lair:4   | Huge Dmg: 26 dmg
 15849 | Lair:5   | Found a staircase to the Snake Pit.
 15860 | Lair:5   | Received a gift from Trog
 16054 | Lair:6   | Found a staircase to the Snake Pit.
 16069 | Lair:6   | Found a runed door.
 16069 | Lair:6   | Found a viscous altar of Jiyva.
 16069 | Lair:6   | Found a staircase to the Slime Pits.
 16341 | Lair:6   | Got a pair of spiked gloves
 16347 | Lair:6   | Identified the +0 pair of gloves of the Trilobite {+Inv rElec MP+9 Stlth-} (You found it on level 6 of the Lair of Beasts)
 16469 | Lair:6   | Reached skill level 6 in Dodging
 16483 | Lair:6   | Huge Dmg: 37 dmg
 16510 | Lair:6   | Reached skill level 6 in Armour
 16528 | Lair:6   | Huge Dmg: 19 dmg
 16536 | Lair:6   | Huge Dmg: 28 dmg
 16745 | Lair:6   | Huge Dmg: 19 dmg
 17321 | Lair:7   | Reached skill level 12 in Short Blades
 17416 | Lair:7   | Reached XP level 14. HP: 79/79 MP: 30/30
 17423 | Lair:7   | Received a gift from Trog
 17710 | Lair:7   | Reached skill level 12 in Evocations
 17737 | Lair:8   | Entered Level 8 of the Lair of Beasts
 18045 | Lair:8   | Reached skill level 12 in Fighting
 18051 | Lair:8   | Huge Dmg: 33 dmg
 18431 | Lair:8   | Received a gift from Trog
 18431 | Lair:8   | Reached skill level 7 in Dodging
 18604 | Lair:8   | Found a blossoming altar of Fedhas.
 18700 | Lair:8   | Reached skill level 7 in Armour
 19458 | Orc:1    | Entered Level 1 of the Orcish Mines
 19720 | Orc:2    | Received a gift from Trog
 20425 | Orc:3    | Received a gift from Trog
 20529 | Orc:3    | Huge Dmg: 39 dmg
 21063 | Orc:4    | Entered Level 4 of the Orcish Mines
 21063 | Orc:4    | Found Froix's Antique Weapon Shop.
 21112 | Orc:4    | Received a gift from Trog
 21131 | Orc:4    | Huge Dmg: 40 dmg
 21267 | Orc:4    | Found Duteixas' General Store.
 21279 | Orc:4    | Huge Dmg: 22 dmg
 21305 | Orc:4    | Huge Dmg: 29 dmg
 21328 | Orc:4    | Bought a scroll of identify for 26 gold pieces
 21360 | Orc:4    | Found Sumio's Jewellery Shop.
 21470 | Orc:4    | Somebody: Hey. How are you doing?
 21470 | Orc:4    | TZer0: Good, good
 21470 | Orc:4    | TZer0: been busy
 21470 | Orc:4    | TZer0: Fixed up the server today for the tournament :)
 21470 | Orc:4    | TZer0: you?
 21470 | Orc:4    | Somebody: I am mosty being terrified at the amount of the homework I missed at university.
 21470 | Orc:4    | TZer0: D:
 21470 | Orc:4    | Somebody: I am genuienly curious to see how it is going to turn out.
 21470 | Orc:4    | Bought the amulet of Yliapp {Clar rElec rPois MR+ Int-3} for 525 gold pieces
 21470 | Orc:4    | Bought the ring of Starshine {+Fly MP+9 Str+4 Int-3 Dex-4 Stlth-} for 144 gold pieces
 21470 | Orc:4    | Bought the brooch of Shielding {Ward rN+ AC+4 EV+4} for 778 gold pieces
 21475 | Orc:4    | Somebody: Nice items.
 21475 | Orc:4    | TZer0: yeah
 21475 | Orc:4    | TZer0: pretty crazy
 21475 | Orc:4    | TZer0: I had like 5 potions of haste by D:5
 21475 | Orc:4    | TZer0: *D:4
 21510 | Orc:4    | Noticed Erica
 21516 | Orc:4    | Noticed an orc warlord
 21527 | Orc:4    | Killed Erica
 21540 | Orc:4    | Huge Dmg: 19 dmg
 21546 | Orc:4    | Killed an orc warlord
 21549 | Orc:4    | Huge Dmg: 15 dmg
 21555 | Orc:4    | Huge Dmg: 16 dmg
 21558 | Orc:4    | Huge Dmg: 9 dmg
 21567 | Orc:4    | Huge Dmg: 9 dmg
 21567 | Orc:4    | HP: 15/81 [orc warrior/scimitar (11)]
 21568 | Orc:4    | Huge Dmg: 9 dmg
 21571 | Orc:4    | Huge Dmg: 6 dmg
 21572 | Orc:4    | HP: 4/81 [orc warrior/battleaxe (11)]
 21573 | Orc:4    | Huge Dmg: 8 dmg
 21574 | Orc:4    | Huge Dmg: 1 dmg
 21578 | Orc:4    | TZer0: uhh.. hmm
 21587 | Orc:4    | HP: 19/81 [orc warrior/silver tomahawk (8)]
 21588 | Orc:4    | Huge Dmg: 7 dmg
 21657 | Orc:4    | Received a gift from Trog
 21658 | Orc:4    | Found Shiep's Antique Armour Shoppe.
 21761 | Orc:4    | Found Xadyaff's Quality Used Wands.
 21775 | Orc:4    | Bought a wand of teleportation (0) for 156 gold pieces
 21871 | Orc:4    | Found a staircase to the Elven Halls.
 22135 | Orc:1    | Huge Dmg: 22 dmg
 22261 | D:13     | Reached XP level 15. HP: 85/85 MP: 31/31
 22324 | D:13     | Noticed Nergalle
 22335 | D:13     | Killed Nergalle
 22351 | D:13     | Found a blossoming altar of Fedhas.
 22356 | D:13     | Found a frozen archway.
 22410 | IceCv    | Entered an ice cave
 22449 | IceCv    | Reached skill level 13 in Evocations
 22541 | IceCv    | Reached skill level 8 in Dodging
 22826 | IceCv    | Received a gift from Trog
 22869 | IceCv    | Noticed a frost giant
 22870 | IceCv    | Somebody: Woo-hoo, this is rich.
 22900 | IceCv    | Killed a frost giant
 23109 | IceCv    | TZer0: hrm.
 23190 | D:13     | Somebody: Isn't a +10 antimagic quickblade something?
 23190 | D:13     | TZer0: not on a VS.
 23319 | D:13     | Found a gate to the Vaults.
 23378 | D:13     | Noticed Urug
 23394 | D:13     | Killed Urug
 23411 | D:13     | Noticed Sonja
 23418 | D:13     | Killed Sonja
 23574 | D:13     | Reached skill level 13 in Short Blades
 23581 | D:13     | Reached skill level 8 in Armour
 23583 | D:13     | Received a gift from Trog
 23737 | D:13     | Got a pair of bloodstained gloves
 23743 | D:13     | Identified the +2 pair of gloves of Dithmenos' Wrath {rElec MR+ Str+5 Int-2} (You found it on level 13 of the Dungeon)
 23847 | D:13     | Somebody: Oh, right. I think you would have liked it better if it was vampiric.
 23947 | D:13     | Somebody: I think it is still rebrandable.
 23972 | D:13     | TZer0: it is
 23972 | D:13     | TZer0: that's why I am keeping it.
 23972 | D:13     | Somebody: Okay, good luck with this game and life in general, I have to catch up on my studies.
 23987 | D:13     | TZer0: good luck!
 24099 | D:13     | Reached skill level 13 in Fighting
 24492 | D:14     | Huge Dmg: 21 dmg
 24516 | D:14     | Huge Dmg: 35 dmg
 24543 | D:14     | Found Ginies' Book Shop.
 24619 | D:14     | Huge Dmg: 19 dmg
 24619 | D:14     | Reached skill level 9 in Dodging
 24621 | D:14     | Huge Dmg: 17 dmg
 24795 | D:14     | Huge Dmg: 48 dmg
 24820 | D:14     | Huge Dmg: 29 dmg
 24937 | D:14     | Reached XP level 16. HP: 91/91 MP: 32/32
 24945 | D:14     | Received a gift from Trog
 25261 | D:15     | Entered Level 15 of the Dungeon
 25478 | D:15     | Found a staircase to the Depths.
 25509 | D:15     | Huge Dmg: 43 dmg
 25839 | D:15     | Found Toryopto's Jewellery Shop.
 26187 | D:15     | Huge Dmg: 23 dmg
 26517 | D:15     | Upgraded the game from 0.17-a0-18-gc25b939 to 0.17-a0-125-g34d91a1
 26517 | D:15     | Upgraded the game from 0.17-a0-125-g34d91a1 to 0.17-a0-146-gd505748
 26517 | D:15     | Upgraded the game from 0.17-a0-146-gd505748 to 0.17-a0-157-g289cc6a
 26517 | D:15     | Reduced skill Evocations to level 12
 26517 | D:15     | Upgraded the game from 0.17-a0-157-g289cc6a to 0.17-a0-372-gcac7fed
 26517 | D:15     | Upgraded the game from 0.17-a0-372-gcac7fed to 0.17-a0-737-gf0a300a
 26947 | Swamp:1  | Entered Level 1 of the Swamp
 26947 | Swamp:1  | Noticed Aizul
 26966 | Swamp:1  | Killed Aizul
 26968 | Swamp:1  | Huge Dmg: 32 dmg
 26974 | Swamp:1  | Huge Dmg: 34 dmg
 27002 | Swamp:1  | Received a gift from Trog
 27092 | Swamp:1  | Reached skill level 9 in Armour
 27336 | Swamp:1  | Noticed Frances
 27369 | Swamp:1  | Killed Frances
 27369 | Swamp:1  | Reached skill level 13 in Evocations
 27374 | Swamp:1  | Huge Dmg: 37 dmg
 28128 | Swamp:2  | Received a gift from Trog
 28133 | Swamp:2  | Got a crude triple sword {god gift}
 28134 | Swamp:2  | Identified the +8 triple sword of Arbitration {holy, rN++ Str-3 SInv Stlth+} (Trog gifted it to you on level 2 of the Swamp)
 28315 | Swamp:2  | Noticed Nikola
 28354 | Swamp:2  | Killed Nikola
 28362 | Swamp:2  | Huge Dmg: 46 dmg
 28602 | Swamp:2  | You fall through a shaft for 2 floors!
 28615 | Swamp:4  | Reached skill level 10 in Dodging
 28671 | Swamp:4  | Huge Dmg: 46 dmg
 28685 | Swamp:4  | Reached skill level 14 in Short Blades
 28702 | Swamp:4  | Reached XP level 17. HP: 88/96 MP: 27/27
 28811 | Swamp:4  | Huge Dmg: 23 dmg
 29042 | Swamp:4  | Received a gift from Trog
 29047 | Swamp:4  | Got a slimy rapier {god gift}
 29048 | Swamp:4  | Identified the +7 rapier of Conflict {flame, +Rage rN+ Int-5} (Trog gifted it to you on level 4 of the Swamp)
 29261 | Swamp:4  | Noticed a thorn hunter
 29277 | Swamp:4  | Huge Dmg: 20 dmg
 29279 | Swamp:4  | Huge Dmg: 18 dmg
 29288 | Swamp:4  | Killed a thorn hunter
 29294 | Swamp:4  | Huge Dmg: 30 dmg
 29381 | Swamp:4  | Reached skill level 14 in Fighting
 29435 | Swamp:4  | Huge Dmg: 48 dmg
 29594 | Swamp:5  | Entered Level 5 of the Swamp
 29874 | Swamp:5  | Huge Dmg: 49 dmg
 29897 | Swamp:5  | Huge Dmg: 11 dmg
 29987 | Swamp:5  | Reached skill level 10 in Armour
 30008 | Swamp:5  | Huge Dmg: 48 dmg
 30212 | Swamp:5  | Huge Dmg: 18 dmg
 30334 | Swamp:5  | Got a decaying rune of Zot
 30744 | Swamp:3  | Huge Dmg: 48 dmg
 30870 | Swamp:3  | Received a gift from Trog
 31140 | Swamp:3  | Huge Dmg: 40 dmg
 31934 | Snake:1  | Entered Level 1 of the Snake Pit
 33234 | Snake:2  | Reached skill level 14 in Evocations
 33271 | Snake:2  | Reached XP level 18. HP: 102/102 MP: 29/29
 33284 | Snake:2  | Huge Dmg: 51 dmg
 33358 | Snake:2  | Noticed Kirke
 33367 | Snake:2  | Killed Kirke
 33371 | Snake:2  | Huge Dmg: 48 dmg
 33540 | Snake:2  | Received a gift from Trog
 33590 | Snake:2  | Noticed Norris
 33617 | Snake:2  | Killed Norris
 33617 | Snake:2  | Reached skill level 11 in Dodging
 33630 | Snake:2  | Huge Dmg: 51 dmg
 33885 | Snake:2  | Noticed Wiglaf
 33897 | Snake:2  | Huge Dmg: 31 dmg
 33907 | Snake:2  | Killed Wiglaf
 33912 | Snake:2  | Huge Dmg: 39 dmg
 34344 | Snake:3  | Huge Dmg: 51 dmg
 35145 | Snake:4  | Huge Dmg: 50 dmg
 35353 | Snake:4  | Noticed Azrael
 35354 | Snake:4  | Received a gift from Trog
 35369 | Snake:4  | Killed Azrael
 35370 | Snake:4  | Noticed Vashnia
 35399 | Snake:4  | Huge Dmg: 44 dmg
 35405 | Snake:4  | Huge Dmg: 20 dmg
 35406 | Snake:4  | Huge Dmg: 18 dmg
 35522 | Snake:4  | Killed Vashnia
 35522 | Snake:4  | Reached skill level 15 in Fighting
 35522 | Snake:4  | Reached skill level 15 in Short Blades
 35524 | Snake:4  | Huge Dmg: 48 dmg
 35727 | Snake:5  | Entered Level 5 of the Snake Pit
 35727 | Snake:5  | Found Rofun's Antique Weapon Shoppe.
 35738 | Snake:5  | Reached skill level 11 in Armour
 35761 | Snake:5  | Found Mescho Deun's Food Emporium.
 35769 | Snake:5  | Found Vylus's Book Boutique.
 35780 | Snake:5  | Found Gatex's Book Boutique.
 35804 | Snake:5  | Huge Dmg: 51 dmg
 36211 | Snake:5  | Reached XP level 19. HP: 108/108 MP: 30/30
 36231 | Snake:5  | Huge Dmg: 60 dmg
 36376 | Snake:5  | Huge Dmg: 44 dmg
 36504 | Snake:5  | Received a gift from Trog
 36522 | Snake:5  | Huge Dmg: 51 dmg
 36669 | Snake:5  | Got a serpentine rune of Zot
 36961 | Lair:2   | Upgraded the game from 0.17-a0-737-gf0a300a to 0.17-a0-974-ga95afb0
 36961 | Lair:2   | Upgraded the game from 0.17-a0-974-ga95afb0 to 0.17-a0-1007-gb2305a1
 37699 | Vaults:1 | Entered Level 1 of the Vaults
 37805 | Vaults:1 | Reached skill level 1 in Shields
 37976 | Vaults:1 | Huge Dmg: 23 dmg
 37981 | Vaults:1 | Reached skill level 2 in Shields
 37999 | Vaults:1 | Huge Dmg: 41 dmg
 38082 | Vaults:1 | Found Vufaz's Jewellery Emporium.
 38125 | Vaults:1 | Reached skill level 12 in Dodging
 38249 | Vaults:1 | Huge Dmg: 28 dmg
 38288 | Vaults:1 | Received a gift from Trog
 38298 | Vaults:1 | Huge Dmg: 54 dmg
 38682 | Vaults:1 | Reached skill level 3 in Shields
 39072 | Vaults:1 | Reached skill level 4 in Shields
 39074 | Vaults:1 | Huge Dmg: 49 dmg
 39301 | Vaults:1 | Reached skill level 15 in Evocations
 39639 | Vaults:1 | Received a gift from Trog
 39681 | Vaults:1 | Huge Dmg: 54 dmg
 39688 | Vaults:1 | Reached XP level 20. HP: 114/114 MP: 32/32
 39706 | Vaults:1 | Huge Dmg: 29 dmg
 39738 | Vaults:1 | Huge Dmg: 22 dmg
 40219 | Vaults:2 | Noticed Boris
 40235 | Vaults:2 | Killed Boris
 40235 | Vaults:2 | Reached skill level 12 in Armour
 40235 | Vaults:2 | Reached skill level 5 in Shields
 40240 | Vaults:2 | Huge Dmg: 54 dmg
 40463 | Vaults:2 | Huge Dmg: 27 dmg
 40538 | Vaults:2 | Found a staircase to the Crypt.
 40722 | Vaults:2 | Received a gift from Trog
 40944 | Vaults:2 | Huge Dmg: 57 dmg
 40970 | Vaults:2 | Reached skill level 6 in Shields
 41263 | Vaults:2 | Huge Dmg: 27 dmg
 41265 | Vaults:2 | Huge Dmg: 61 dmg
 41274 | Vaults:2 | Huge Dmg: 18 dmg
 41704 | Vaults:3 | Found a portal to a secret trove of treasure.
 42312 | Vaults:3 | Found a roughly hewn altar of Beogh.
 42326 | Vaults:3 | Reached skill level 16 in Fighting
 42337 | Vaults:3 | Received a gift from Trog
 42647 | Vaults:3 | Found Xoudag's Magic Scroll Shoppe.
 42655 | Vaults:3 | Bought a scroll of identify for 26 gold pieces
 42655 | Vaults:3 | Bought a scroll of immolation for 45 gold pieces
 42655 | Vaults:3 | Bought a scroll of acquirement for 676 gold pieces
 42655 | Vaults:3 | Bought a scroll of fog for 26 gold pieces
 42655 | Vaults:3 | Bought a scroll of identify for 26 gold pieces
 42655 | Vaults:3 | Bought a scroll of teleportation for 39 gold pieces
 42655 | Vaults:3 | Bought a scroll of fog for 26 gold pieces
 42655 | Vaults:3 | Bought a scroll of recharging for 123 gold pieces
 42655 | Vaults:3 | Bought a scroll of fog for 26 gold pieces
 42658 | Vaults:3 | Got a pair of polished gloves
 42669 | Vaults:3 | Identified the +0 pair of gloves "Ytute" {rN+ MP-9 Dex+2} (You acquired it on level 3 of the Vaults)
 42710 | Vaults:3 | Reached skill level 7 in Shields
 43129 | Vaults:4 | Reached skill level 16 in Short Blades
 43156 | Vaults:4 | Huge Dmg: 25 dmg
 43171 | Vaults:4 | Reached XP level 21. HP: 92/119 MP: 33/33
 43471 | Vaults:4 | Received a gift from Trog
 43601 | Vaults:4 | Reached skill level 8 in Shields
 43887 | Vaults:4 | Reached skill level 13 in Dodging
 44029 | Vaults:4 | Huge Dmg: 26 dmg
 44241 | Vaults:4 | Received a gift from Trog
 44879 | Depths:1 | Entered Level 1 of the Depths
 45148 | Depths:1 | Found a glowing golden altar of the Shining One.
 45252 | Depths:1 | Found a gateway to a ziggurat.
 45329 | Depths:1 | Huge Dmg: 60 dmg
 45394 | Depths:1 | Found a gateway to Hell.
 45613 | Depths:1 | Found a one-way gate to the infinite horrors of the Abyss.
 46201 | Vaults:3 | You paid a toll of a +5 fire dragon armour to enter a treasure trove
 46202 | Trove    | Entered a treasure trove
 46273 | Vaults:3 | Upgraded the game from 0.17-a0-1007-gb2305a1 to 0.17-a0-1020-ge683cc4
 46694 | Depths:1 | Huge Dmg: 34 dmg
 46694 | Depths:1 | HP: 30/180 [ice dragon (illusionary)/blast of cold (25)]
 46695 | Depths:1 | Huge Dmg: 25 dmg
 46698 | Depths:1 | Huge Dmg: 10 dmg
 46736 | Depths:2 | Received a gift from Trog
 46994 | Depths:1 | Huge Dmg: 34 dmg
 47027 | Depths:1 | Reached skill level 9 in Shields
 47050 | Depths:1 | Received a gift from Trog
 47196 | Depths:1 | Reached skill level 13 in Armour
 47368 | Depths:2 | Huge Dmg: 32 dmg
 47370 | Depths:2 | Reached skill level 16 in Evocations
 47370 | Depths:2 | Received a gift from Trog
 47379 | Depths:2 | Reached XP level 22. HP: 45/126 MP: 26/35
 47633 | Depths:2 | Received a gift from Trog
 47875 | Depths:2 | Huge Dmg: 20 dmg
 47884 | Depths:2 | Huge Dmg: 40 dmg
 47924 | Depths:2 | Huge Dmg: 43 dmg
 48013 | Depths:2 | Huge Dmg: 31 dmg
 48123 | Depths:2 | Found a one-way gate leading to the halls of Pandemonium.
 48570 | Depths:2 | Noticed a golden dragon
 48582 | Depths:2 | Huge Dmg: 24 dmg
 48588 | Depths:2 | Killed a golden dragon
 48588 | Depths:2 | Reached skill level 17 in Fighting
 48600 | Depths:2 | Huge Dmg: 43 dmg
 48693 | Depths:2 | Noticed a golden dragon
 48713 | Depths:2 | Killed a golden dragon
 49194 | Depths:3 | Huge Dmg: 29 dmg
 49212 | Depths:3 | Received a gift from Trog
 49403 | Depths:3 | Huge Dmg: 29 dmg
 49588 | Depths:3 | Huge Dmg: 21 dmg
 49605 | Depths:3 | HP: 47/190 [poisoned by a skeletal warrior]
 49611 | Depths:3 | Huge Dmg: 15 dmg
 49612 | Depths:3 | HP: 31/127 [poisoned by a skeletal warrior]
 49871 | Depths:3 | Huge Dmg: 57 dmg
 49947 | Depths:3 | Huge Dmg: 63 dmg
 50090 | Depths:3 | Identified Sif Muna's Handbook of the Voyage
 50294 | Depths:3 | Huge Dmg: 49 dmg
 50367 | Depths:3 | Reached skill level 10 in Shields
 50700 | Depths:3 | Reached XP level 23. HP: 131/131 MP: 36/36
 51081 | Depths:3 | Reached skill level 14 in Dodging
 51091 | Depths:3 | futacatgirl: hello my friend
 51096 | Depths:3 | TZer0: Hello
 51395 | Depths:4 | Received a gift from Trog
 51459 | Depths:4 | Huge Dmg: 47 dmg
 51465 | Depths:4 | Huge Dmg: 37 dmg
 51470 | Depths:4 | Huge Dmg: 65 dmg
 51998 | Depths:4 | Noticed Jory
 52029 | Depths:4 | Killed Jory
 52038 | Depths:4 | Huge Dmg: 66 dmg
 52220 | Depths:4 | Reached skill level 18 in Fighting
 52416 | Depths:5 | Entered Level 5 of the Depths
 52454 | Depths:5 | Found a flickering gateway to a bazaar.
 52557 | Depths:5 | Huge Dmg: 66 dmg
 52567 | Depths:5 | TZer0: Hey
 52571 | Depths:5 | SaintRoka: heya
 52576 | Bazaar   | Entered a bazaar
 52576 | Bazaar   | Found Taluerrefu's General Store.
 52588 | Bazaar   | Found Dutim's Antique Weapon Shop.
 52615 | Bazaar   | Found Umaydug's Antique Armour Shop.
 52636 | Bazaar   | TZer0: bleh. This was lame.
 52708 | Depths:5 | Found Niom's Antique Weapon Shoppe.
 52753 | Depths:5 | Received a gift from Trog
 52767 | Depths:5 | Huge Dmg: 56 dmg
 52768 | Depths:5 | TZer0: hmmm
 52779 | Depths:5 | Noticed Frederick
 52802 | Depths:5 | Huge Dmg: 24 dmg
 52802 | Depths:5 | SaintRoka: don't wanna get that one ?
 52808 | Depths:5 | Killed Frederick
 52808 | Depths:5 | Reached skill level 17 in Short Blades
 52823 | Depths:5 | TZer0: I'm considering it
 52823 | Depths:5 | TZer0: I already have a great weapon
 52828 | Depths:5 | Bought a bloodstained rapier for 297 gold pieces
 52828 | Depths:5 | Identified the +10 rapier of Midsummer {freeze, Dex+2} (You bought it in a shop on level 5 of the Depths)
 52829 | Depths:5 | TZer0: ehh.
 52847 | Depths:5 | Noticed Saint Roka
 52873 | Depths:5 | TZer0: oh, hey, I found you
 52881 | Depths:5 | SaintRoka: :)
 52888 | Depths:5 | Huge Dmg: 45 dmg
 52994 | Depths:5 | Found Nusattot's Armour Shoppe.
 53044 | Depths:5 | Killed Saint Roka
 53044 | Depths:5 | Reached skill level 11 in Shields
 53061 | Depths:5 | Huge Dmg: 66 dmg
 53092 | Depths:5 | TZer0: lol
 53092 | Depths:5 | TZer0: wands
 53144 | Depths:5 | Huge Dmg: 22 dmg
 53161 | Depths:5 | Reached XP level 24. HP: 139/139 MP: 36/36
 53170 | Depths:5 | Huge Dmg: 51 dmg
 53188 | Depths:5 | TZer0: haaaaaaaa....
 53194 | Depths:5 | Found Zeimiep's Antique Armour Shop.
 53230 | Depths:5 | Found Fuetwuts's Gadget Boutique.
 53243 | Depths:5 | Bought a fan of gales for 720 gold pieces
 53394 | Depths:5 | Huge Dmg: 33 dmg
 53395 | Depths:5 | Huge Dmg: 26 dmg
 53473 | Depths:5 | Received a gift from Trog
 53563 | Depths:5 | TZer0: hmm
 53563 | Depths:5 | TZer0: what to drop
 53563 | Depths:5 | TZer0: any suggestions? :P
 53879 | Depths:5 | Reached skill level 17 in Evocations
 53898 | Depths:5 | Huge Dmg: 69 dmg
 53971 | Depths:5 | Reached skill level 14 in Armour
 53973 | Depths:5 | Found a gate to the Realm of Zot.
 54088 | Hell     | Entered the Vestibule of Hell
 54088 | Hell     | Noticed Geryon
 54131 | Hell     | Killed Geryon
 54135 | Hell     | Huge Dmg: 68 dmg
 54241 | Hell     | Found a gateway to the Iron City of Dis.
 54354 | Hell     | Huge Dmg: 67 dmg
 54566 | Hell     | Found a gateway to the ashen valley of Gehenna.
 54588 | Hell     | Huge Dmg: 40 dmg
 54700 | Hell     | Received a gift from Trog
 54775 | Hell     | Huge Dmg: 36 dmg
 54812 | Hell     | Found a gateway to the decaying netherworld of Tartarus.
 55032 | Hell     | Huge Dmg: 22 dmg
 55140 | Hell     | Found a gateway to the freezing wastes of Cocytus.
 55162 | Hell     | Huge Dmg: 30 dmg
 55192 | Hell     | Huge Dmg: 41 dmg
 55899 | Vaults:5 | Entered Level 5 of the Vaults
 55909 | Vaults:5 | Reached skill level 19 in Fighting
 55911 | Vaults:5 | TZer0: :D
 55916 | Vaults:5 | SaintRoka: :)
 55916 | Vaults:5 | Received a gift from Trog
 55924 | Vaults:5 | Huge Dmg: 56 dmg
 55938 | Vaults:5 | Noticed Xtahua
 55973 | Vaults:5 | Huge Dmg: 39 dmg
 55978 | Vaults:5 | Killed Xtahua
 55978 | Vaults:5 | Reached XP level 25. HP: 145/145 MP: 36/36
 55980 | Vaults:5 | Huge Dmg: 36 dmg
 55991 | Vaults:5 | Reached skill level 12 in Shields
 56014 | Vaults:4 | Huge Dmg: 43 dmg
 56048 | Vaults:4 | TZer0: gah
 56048 | Vaults:4 | TZer0: I need that gold dragon corpse
 56227 | Vaults:5 | Reached skill level 15 in Dodging
 56235 | Vaults:5 | Huge Dmg: 63 dmg
 56236 | Vaults:5 | Huge Dmg: 28 dmg
 56239 | Vaults:5 | HP: 31/145 [ettin/dire flail (34)]
 56240 | Vaults:5 | Huge Dmg: 33 dmg
 56245 | Vaults:5 | HP: 31/145 [red very ugly thing (8)]
 56284 | Vaults:5 | Noticed Margery
 56307 | Vaults:5 | Killed Margery
 56324 | Vaults:5 | Huge Dmg: 70 dmg
 56331 | Vaults:5 | Received a gift from Trog
 56884 | Vaults:5 | Huge Dmg: 44 dmg
 56912 | Vaults:5 | Huge Dmg: 62 dmg
 56991 | Vaults:5 | TZer0: oops. I should check that cloak
 57145 | Vaults:5 | Received a gift from Trog
 57185 | Vaults:5 | Got a scintillating crystal amulet
 57186 | Vaults:5 | Identified the amulet of Natidel {Faith *Corrode rElec rC+ MR+} (You took it off a yaktaur captain on level 5 of the Vaults)
 57221 | Vaults:5 | Got a silver rune of Zot
 58221 | Depths:5 | TZer0: anyway
 58221 | Depths:5 | TZer0: bbl
 58221 | Depths:5 | Upgraded the game from 0.17-a0-1020-ge683cc4 to 0.17-a0-1103-ga40c899
 58221 | Depths:5 | Upgraded the game from 0.17-a0-1103-ga40c899 to 0.17-a0-1591-g7a45446
 58221 | Depths:5 | Upgraded the game from 0.17-a0-1591-g7a45446 to 0.17-a0-1621-gfc7a675
 58221 | Depths:5 | Upgraded the game from 0.17-a0-1621-gfc7a675 to 0.17-a0-1793-gcbb3aa1
 58433 | D:15     | Bought a +3 ring of slaying for 585 gold pieces
 58435 | D:15     | Bought an uncursed amulet of resist mutation for 520 gold pieces
 58675 | Zot:1    | Entered Level 1 of the Realm of Zot
 58701 | Zot:1    | Huge Dmg: 73 dmg
 58727 | Zot:1    | Huge Dmg: 20 dmg
 59114 | Zot:1    | Reached skill level 18 in Short Blades
 59182 | Zot:1    | Received a gift from Trog
 59182 | Zot:1    | Reached skill level 20 in Fighting
 59338 | Zot:1    | Reached XP level 26. HP: 122/152 MP: 36/36
 59600 | Zot:1    | Huge Dmg: 45 dmg
 59674 | Zot:1    | Reached skill level 15 in Armour
 59687 | Zot:1    | Huge Dmg: 67 dmg
 59944 | Zot:3    | Huge Dmg: 76 dmg
 60384 | Zot:4    | Huge Dmg: 72 dmg
 60459 | Zot:5    | Entered Level 5 of the Realm of Zot
 60521 | Zot:4    | Reached skill level 13 in Shields
 60969 | Zot:4    | Huge Dmg: 38 dmg
 61135 | Zot:4    | Reached skill level 18 in Evocations
 61146 | Zot:4    | Huge Dmg: 70 dmg
 61359 | Zot:4    | Huge Dmg: 73 dmg
 61470 | Zot:4    | Huge Dmg: 60 dmg
 61576 | Zot:4    | Huge Dmg: 47 dmg
 61577 | Zot:4    | HP: 55/229 [golden dragon (19)]
 61578 | Zot:4    | Huge Dmg: 19 dmg
 61581 | Zot:4    | Huge Dmg: 15 dmg
 61585 | Zot:4    | HP: 54/229 [golden dragon (5)]
 61592 | Zot:4    | HP: 56/229 [golden dragon (5)]
 61595 | Zot:4    | Huge Dmg: 12 dmg
 61597 | Zot:4    | HP: 37/229 [storm dragon (8)]
 61605 | Zot:4    | Huge Dmg: 29 dmg
 61616 | Zot:4    | Huge Dmg: 16 dmg
 61741 | Zot:4    | Huge Dmg: 77 dmg
 61893 | Zot:5    | Huge Dmg: 69 dmg
 62068 | Zot:5    | Huge Dmg: 76 dmg
 62070 | Zot:5    | Huge Dmg: 50 dmg
 62078 | Zot:5    | Huge Dmg: 36 dmg
 62293 | Zot:5    | Reached XP level 27. HP: 156/158 MP: 37/37
 62549 | Zot:5    | Noticed an orb of fire
 62549 | Zot:5    | Noticed an orb of fire
 62549 | Zot:5    | Noticed an orb of fire
 62550 | Zot:5    | Noticed an ancient lich
 62649 | Zot:5    | Received a gift from Trog
 62667 | Zot:5    | Killed an orb of fire
 62669 | Zot:5    | Huge Dmg: 62 dmg
 62705 | Zot:5    | Noticed an ancient lich
 62734 | Zot:5    | Huge Dmg: 98 dmg
 62735 | Zot:5    | Killed an ancient lich
 62735 | Zot:5    | Reached skill level 21 in Fighting
 62740 | Zot:5    | Huge Dmg: 44 dmg
 62931 | Zot:5    | Reached skill level 16 in Dodging
 62937 | Zot:5    | Noticed an ancient lich
 62947 | Zot:5    | Killed an ancient lich
 62960 | Zot:5    | Huge Dmg: 79 dmg
 62971 | Zot:5    | Noticed an ancient lich
 63000 | Zot:5    | Killed an ancient lich
 63041 | Zot:5    | Noticed an ancient lich
 63055 | Zot:5    | Killed an ancient lich
 63063 | Zot:5    | Reached skill level 14 in Shields
 63066 | Zot:5    | Huge Dmg: 70 dmg
 63120 | Zot:5    | Killed an ancient lich
 63256 | Zot:5    | Huge Dmg: 73 dmg
 63262 | Zot:5    | Noticed an ancient lich
 63324 | Zot:5    | Killed an ancient lich
 63362 | Zot:5    | Noticed an ancient lich
 63364 | Zot:5    | Huge Dmg: 55 dmg
 63396 | Zot:5    | Killed an ancient lich
 63396 | Zot:5    | Received a gift from Trog
 63399 | Zot:5    | Huge Dmg: 50 dmg
 63583 | Zot:5    | Noticed an ancient lich
 63621 | Zot:5    | Killed an ancient lich
 63621 | Zot:5    | Reached skill level 19 in Short Blades
 63621 | Zot:5    | Reached skill level 16 in Armour
 63626 | Zot:5    | Huge Dmg: 66 dmg
 63669 | Zot:5    | Got the Orb of Zot
 63900 | Zot:3    | Noticed Totavep the pandemonium lord
 63905 | Zot:3    | Huge Dmg: 38 dmg
 63923 | Zot:3    | Noticed Ikaror the pandemonium lord
 63923 | Zot:3    | Noticed an ancient lich
 63926 | Zot:3    | Huge Dmg: 37 dmg
 63940 | Zot:3    | Killed an ancient lich
 63953 | Zot:3    | Killed Ikaror the pandemonium lord
 63956 | Zot:3    | Huge Dmg: 21 dmg
 64085 | Depths:4 | Huge Dmg: 50 dmg
 64306 | D:11     | Noticed Kyes the pandemonium lord
 64327 | D:12     | Huge Dmg: 43 dmg
 64346 | D:12     | Huge Dmg: 36 dmg
 64662 | D:4      | Noticed Keshythro the pandemonium lord
 64665 | D:4      | Huge Dmg: 55 dmg
 64736 | D:2      | Huge Dmg: 29 dmg
 64755 | D:2      | Huge Dmg: 31 dmg
 64827 | D:$      | Escaped with the Orb!

Vanquished Creatures
  9 ancient liches
  An orb of fire (Zot:5)
  A pandemonium lord (Zot:3)
  Boris (Vaults:2)
  Frederick (Depths:5)
  Margery (Vaults:5)
  Norris (Snake:2)
  Saint Roka (Depths:5)
  Vashnia (Snake:4)
  2 Killer Klowns (Zot:5)
  Geryon (Hell)
  10 golden dragons
  Nikola (Swamp:2)
  Jory (Depths:4)
  Xtahua (Vaults:5)
  2 Brimstone Fiends (D:2)
  An electric golem (Zot:5)
  17 tentacled monstrosities
  4 liches
  23 Orb Guardians
  A titan (Vaults:5)
  A Shadow Fiend (D:12)
  3 quicksilver dragons
  An Executioner (Depths:4)
  8 death cobs
  Frances (Swamp:1)
  5 tengu reavers
  10 sphinxes
  An ancient champion (Vaults:2)
  2 thorn hunters
  Kirke (Snake:2)
  8 shadow dragons
  A revenant (Vaults:2)
  6 greater nagas
  15 storm dragons
  A draconian monk (Zot:4)
  Wiglaf (Snake:2)
  3 ghost moths (Zot:4)
  A deep elf sorcerer (Vaults:5)
  An iron dragon (Vaults:5)
  4 draconian knights
  3 balrugs
  5 fire giants
  4 draconian scorchers
  Aizul (Swamp:1)
  A caustic shrike zombie (Depths:3)
  11 frost giants
  12 vault wardens
  A draconian zealot (Zot:4)
  4 draconian annihilators
  3 orc warlords
  6 draconian shifters
  A ghoul (Vaults:2)
  A spriggan defender (Depths:4)
  5 war gargoyles
  12 ironheart preservers
  A salamander firebrand (Depths:5)
  2 caustic shrike skeletons (Depths:3)
  26 stone giants
  7 reapers
  7 rakshasas
  A stone giant (shapeshifter) (Vaults:5)
  15 very ugly things
  10 green draconians
  2 draconian callers (Zot:5)
  A deep elf demonologist (Vaults:5)
  6 vampire knights
  5 black draconians
  A mottled draconian (Zot:5)
  3 deep elf annihilators
  Azrael (Snake:4)
  8 red draconians
  A dire elephant (D:15)
  11 purple draconians
  4 yellow draconians
  8 white draconians
  2 pale draconians (Depths:5)
  14 ettins
  2 deep elf death magi
  A merfolk javelineer (Depths:5)
  27 vault guards
  17 yaktaur captains
  3 jiangshi (Depths:5)
  14 great orbs of eyes
  11 fire dragons
  A deep elf high priest (Vaults:5)
  5 entropy weavers
  16 ogre magi
  20 hydras
  13 naga warriors
  12 ice dragons
  5 spriggan air magi
  9 deep troll earth magi
  Erica (Orc:4)
  12 centaur warriors
  A catoblepas (Lair:8)
  A ghost crab (Swamp:3)
  5 salamander stormcallers
  10 alligators
  2 hell beasts
  6 tengu warriors
  4 vampire magi
  4 hell hogs (Hell)
  7 death yaks (Lair:8)
  9 anacondas
  3 shock serpents
  Urug (D:13)
  15 naga sharpshooters
  An orc high priest (Orc:4)
  7 deep elf knights
  An iron golem (Hell)
  4 spriggan berserkers
  9 deep troll shamans
  A titan skeleton (Depths:3)
  Nergalle (D:13)
  19 hell knights
  6 sun demons
  23 skeletal warriors
  3 soul eaters
  An iron troll (Depths:1)
  A fire crab (Vaults:5)
  4 unseen horrors
  3 salamander mystics
  9 ice devils
  2 storm dragon skeletons (Depths:3)
  20 deep trolls
  An anaconda zombie (Hell)
  2 spriggan druids (Swamp:5)
  2 giant orange brains
  A kraken simulacrum (Hell)
  An ice statue (IceCv)
  4 deep elf summoners
  5 naga ritualists
  13 swamp dragons
  An obsidian statue (Depths:2)
  13 wizards
  A shadow dragon zombie (Hell)
  Pikel (D:4)
  6 flayed ghosts
  7 phantasmal warriors
  3 shambling mangroves
  A golden dragon skeleton (Depths:3)
  An anaconda skeleton (Hell)
  A wolf spider zombie (D:14)
  14 necromancers
  3 harpies (Vaults:1)
  4 deep elf conjurers
  20 ironbrand convokers
  3 tengu skeletons
  8 hill giants
  2 hornets
  14 salamanders
  A draconian (shapeshifter) (D:15)
  6 mana vipers
  2 shadow dragon skeletons (Depths:3)
  7 griffons
  A fire giant zombie (Hell)
  16 orc knights
  5 orc sorcerers
  2 manticores (D:15)
  7 cyclopes
  A moth of wrath (shapeshifter) (Depths:1)
  14 moths of wrath
  An octopode (shapeshifter) (Vaults:4)
  A stone giant zombie (Hell)
  3 sphinx skeletons (Depths:3)
  A stone giant skeleton (Depths:3)
  4 fire giant skeletons (Depths:3)
  33 black mambas
  12 elephants
  68 ugly things
  2 iron dragon skeletons (Depths:3)
  3 smoke demons
  A frost giant skeleton (Depths:3)
  Joseph (D:8)
  A molten gargoyle (Hell)
  18 vault sentinels
  5 orange demons
  A titan simulacrum (Depths:3)
  3 gargoyles
  5 rust devils
  13 naga magi
  A yaktaur zombie (Hell)
  5 elf skeletons (Depths:3)
  5 spectral swamp worms (Depths:4)
  21 spiny frogs
  3 human zombies
  4 deep elf priests
  46 yaktaurs
  9 blue devils
  3 komodo dragons
  6 fire drakes
  2 hellwings
  2 tormentors
  2 efreet (D:15)
  10 trolls
  8 tengu conjurers
  19 two-headed ogres
  The ghost of Monkaria the Chopper, an average HOGl of Beogh (D:4)
  A red devil (Hell)
  A merfolk (shapeshifter) (Depths:3)
  A fire vortex (Vaults:4)
  Sonja (D:13)
  A hydra zombie (Hell)
  16 polar bears
  A jumping spider (Vaults:3)
  10 freezing wraiths
  A hydra skeleton (Hell)
  A tengu simulacrum (Vaults:4)
  A polar bear (shapeshifter) (Vaults:3)
  8 boulder beetles
  9 giant leeches
  11 removed MONS_BABY_ALLIGATORs
  30 removed MONS_RAVENs
  2 alligator zombies (Hell)
  10 bog bodies
  A fire dragon zombie (Hell)
  23 blink frogs
  11 flying skulls (Depths:3)
  51 slime creatures
  6 tarantellas
  5 basilisks
  7 shadows
  2 spriggan skeletons (Depths:3)
  8 redbacks
  4 wraiths
  14 deep elf fighters
  2 water elementals (Depths:5)
  Eustachio (D:9)
  6 spriggans
  3 wyverns
  3 air elementals (Depths:5)
  2 deep elf magi
  49 yaks
  5 fire elementals
  5 hogs (Snake:2)
  22 wolves
  2 hungry ghosts
  2 neqoxecs
  A golden eye (shapeshifter) (Depths:3)
  13 hippogriffs
  4 steam dragons
  A chaos spawn (D:2)
  39 vampire mosquitoes
  8 insubstantial wisps
  A spiny frog zombie (Hell)
  6 wargs
  11 hell hounds
  30 swamp worms
  54 orc warriors
  5 mottled dragons
  4 sky beasts
  46 nagas
  28 water moccasins
  A hydra simulacrum (Hell)
  17 swamp drakes
  12 porcupines
  13 ice beasts
  3 phantoms
  A black bear (shapeshifter) (Vaults:2)
  5 wasps
  2 eyes of draining
  7 boggarts
  3 black bears (Lair:8)
  51 ogres
  12 crocodiles
  2 removed MONS_BORING_BEETLEs
  2 big kobolds
  19 centaurs
  A brain worm (shapeshifter) (Vaults:5)
  2 brain worms
  Blork the orc (D:4)
  A spiny frog simulacrum (Hell)
  18 giant frogs
  4 scorpions
  10 killer bees (D:9)
  14 wights
  2 centaur zombies
  A beetle (D:8)
  A giant frog skeleton (D:12)
  13 hounds
  4 jellies
  5 lava snakes (Snake:2)
  2 giant frog zombies
  13 crimson imps
  A gnoll shaman (D:6)
  7 quasits
  Crazy Yiuf (D:4)
  16 orc priests
  6 iguanas
  7 iron imps
  26 orc wizards
  6 centaur skeletons
  6 hell rats
  Natasha (thrice) (D:3)
  8 sheep (Lair:4)
  A statue (D:8)
  11 worker ants
  An ogre zombie (Orc:4)
  Ijyb (D:4)
  Jessica (D:2)
  A hound zombie (D:8)
  Terence (D:2)
  3 worker ant zombies
  Robin (D:4)
  17 gnolls
  59 river rats
  2 orc zombies (Orc:4)
  35 adders
  2 removed
  MONS_GIANT_MITEs (D:5)
  9 shadow imps
  4 white imps
  2 worms
  2 ufetubi
  A worm (shapeshifter) (Vaults:2)
  3 giant geckos
  An ooze (D:3)
  201 orcs
  21 bats
  4 giant cockroaches
  16 hobgoblins
  15 quokkas
  8 ball pythons
  8 giant newts
  32 goblins
  A hobgoblin zombie (Orc:4)
  17 jackals
  A jackal zombie (D:5)
  13 kobolds
  22 rats
  2 ballistomycetes (D:12)
  A tentacle (Hell)
2669 creatures vanquished.

Vanquished Creatures (collateral kills)
  2 tentacled monstrosities (Zot:4)
  A red draconian (Zot:4)
  A fire dragon (Zot:4)
  An ice dragon (Zot:4)
  2 hydras (Swamp:5)
  A naga sharpshooter (Snake:4)
  A swamp dragon (Swamp:5)
  3 black mambas (Snake:4)
  A spiny frog (Swamp:5)
  An air elemental (Depths:5)
  A fire elemental (Snake:4)
  A swamp drake (Swamp:5)
  2 hell hounds (Snake:4)
  A water moccasin (Swamp:5)
  A wasp (Swamp:5)
  An orc warrior (Orc:4)
  An orc wizard (Orc:4)
  An orc (Orc:4)
23 creatures vanquished.

Vanquished Creatures (others)
  A ghost moth (Zot:3)
  A draconian scorcher (Zot:4)
  An ironheart preserver (Vaults:3)
  A stone giant (Orc:4)
  2 deep elf annihilators (Vaults:4)
  An ogre mage (Vaults:5)
  A soul eater (Vaults:5)
  A deep troll (Swamp:5)
  2 ironbrand convokers (Vaults:4)
  A hornet (Swamp:5)
  A moth of wrath (Zot:5)
  An air elemental (Depths:5)
  2 yaktaurs (Vaults:5)
  A vault sentinel (Vaults:4)
  A troll (shapeshifter) (Depths:4)
  A giant leech (Swamp:1)
  A troll (Vaults:1)
  A two-headed ogre (Vaults:5)
  A removed MONS_BABY_ALLIGATOR (Swamp:2)
  2 humans (Snake:2)
  2 deep elf fighters
  A water moccasin (Snake:2)
  3 centaurs
  5 ogres
  A crocodile (Swamp:2)
  10 lost souls (Hell)
  2 gnolls (D:4)
  2 giant spores
  3 briar patches (Swamp:5)
  5 fungi
  A plant (Lair:8)
  8 tentacles (Hell)
  182 tentacle segments (Hell)
249 creatures vanquished.

Grand Total: 2941 creatures vanquished
